 Dungeon Crawl Stone Soup version 0.23-a0-487-gc6253629db (webtiles) character file.

296 Napalmbreeze the Chiller (level 6, -2/41 HPs)
             Began as a Barachi Ice Elementalist on Dec 1, 2018.
             Was a Follower of Vehumet.
             Slain by a gnoll sergeant
             ... wielding a +2 spear of piercing
              (5 damage)
             ... on level 3 of the Dungeon.
             The game lasted 00:10:38 (3690 turns).

Napalmbreeze the Chiller (Barachi Ice Elementalist) Turns: 3690, Time: 00:10:39

Health: -2/41      AC:  3    Str: 10    XL:     6   Next: 35%
Magic:  0/11       EV: 12    Int: 17    God:    Vehumet [*.....]
Gold:   62         SH:  0    Dex: 12    Spells: 5/12 levels left

rFire    . . .     SeeInvis .   o - +3 whip
rCold    . . .     Gourm    .   (no shield)
rNeg     . . .     Faith    .   a - +0 robe
rPois    +         Spirit   .   d - +0 helmet
rElec    .         Reflect  .   (no cloak)
rCorr    .         Harm     .   (no gloves)
MR       .....                  (no boots)
Stlth    ++........             (no amulet)
HPRegen  0.13/turn              m - ring of poison resistance (curse)
MPRegen  0.12/turn              (no ring)

@: flying, very slightly contaminated, slow
A: +LOS, swims, slowness 1, strong legs 1
a: Hop, Renounce Religion


You were on level 3 of the Dungeon.
You worshipped Vehumet.
Vehumet was aware of your devotion.
You were very hungry.

You visited 1 branch of the dungeon, and saw 3 of its levels.

You collected 62 gold pieces.

Inventory:

Hand Weapons
 b - a +0 dagger
 o - a +3 whip (weapon)
Armour
 a - a +0 robe (worn)
 d - a +0 helmet (worn)
 e - a +2 shield
 r - a +0 pair of gloves
Jewellery
 m - a cursed ring of poison resistance (left hand)
Wands
 p - a wand of digging (3)
Scrolls
 f - 4 scrolls of remove curse {unknown}
 i - a scroll of magic mapping {unknown}
 k - 2 scrolls of identify {unknown}
 q - a scroll of teleportation {unknown}
 s - a scroll of blinking {unknown}
Potions
 g - a potion of might {unknown}
 j - 2 potions of curing {unknown}
 l - 2 potions of flight
 n - a potion of heal wounds {unknown}
Comestibles
 c - 5 rations


   Skills:
 - Level 2.1 Dodging
 - Level 1.7 Stealth
 + Level 3.9 Spellcasting
 - Level 1.1 Conjurations
 * Level 3.2 Summonings
 + Level 6.3 Ice Magic


You had 5 spell levels left.
You knew the following spells:

 Your Spells              Type           Power        Failure   Level  Hunger
a - Freeze                Ice            ###.         1%          1    None
q - Summon Ice Beast      Ice/Summ       ###.....     22%         4    ####...
s - Throw Frost           Conj/Ice       ###...       5%          2    ##.....

Your spell library contained the following spells:

 Spells                   Type           Power        Failure   Level  Hunger
 Sting                    Conj/Pois      #...         13%         1    None
 Ensorcelled Hibernation  Hex/Ice        ##....       7%          2    ##.....
 Ozocubu's Armour         Chrm/Ice       ##......     13%         3    ###....
 Corona                   Hex            #......      16%         1    None
 Throw Icicle             Conj/Ice       ###.....     34%         4    ####...
 Dazzling Spray           Conj/Hex       #.....       36%         3    ###....
 Confuse                  Hex            #.......     43%         3    ###....
 Tukima's Dance           Hex            #.......     43%         3    ###....


Dungeon Overview and Level Annotations

Branches:
Dungeon (3/15)

Altars:
Dithmenos
Elyvilon
Fedhas
Nemelex Xobeh
Vehumet

Annotations:
D:3 Natasha, Sigmund


Innate Abilities, Weirdness & Mutations

Shadows flee at your approach. (+LOS)
You can swim through water.
You cover ground slowly.
You can hop short distances.


Message History

Confirm with . or Enter, or press ? or * to list all spells.
You miscast Summon Ice Beast.
A fistful of eyes flickers past your view.
You are feeling very hungry.
The gnoll sergeant hits you from afar with a +2 spear of piercing!
* * * LOW HITPOINT WARNING * * *
x2 The gnoll sergeant hits you from afar with a +2 spear of piercing.
* * * LOW HITPOINT WARNING * * *
x2
Okay, then.
It was a potion of flight.
You feel very buoyant.
You fly up into the air.
The gnoll sergeant is no longer moving quickly.
The gnoll sergeant hits you from afar with a +2 spear of piercing.
* * * LOW HITPOINT WARNING * * *
x2 The gnoll shaman calls upon its god to speed up the gnoll.
The gnoll seems to speed up.
A gnoll shaman comes into view. It is wielding a +0 whip.
The gnoll sergeant hits you from afar with a +2 spear of piercing.
You die...

.. ..>.g.....##..## # ....(.....
#..## #g........ #...) ######
#.........###... .....##########
#)..........#... ......g.g..g..##
#)#######.#..#..
.....########gg###(# #.##.#..
........).)...g)...#### ##.......
#####..#########@.....###........
##.###########...............
#.≈≈≈≈≈≈≈.≈ #.###...........
#############.....#...#.....
#...........#.###........
#..........###....###....
#........#..#..#.####....
#.......###...###......>.
#.....#..#..#..#..#....##


You could see a gnoll sergeant, 2 gnoll shamans and 2 gnolls.

Vanquished Creatures
  A gnoll shaman (D:3)
  Natasha (twice) (D:2)
  5 gnolls (D:3)
  4 adders
  2 oozes (D:3)
  3 worms
  A dart slug (D:1)
  2 leopard geckos
  3 orcs (D:3)
  4 giant cockroaches
  5 goblins
  13 hobgoblins
  3 jackals (D:3)
  11 kobolds
  9 bats
  6 frilled lizards
  6 rats
80 creatures vanquished.

Vanquished Creatures (collateral kills)
  6 gnolls (D:3)
  A ball python (D:3)
  A goblin (D:3)
  3 jackals (D:3)
11 creatures vanquished.

Grand Total: 91 creatures vanquished

Notes
Turn   | Place    | Note
-------+----------+-------------------------------------------
     0 | D:1      | Napalmbreeze the Barachi Ice Elementalist began the quest
                  | for the Orb.
     0 | D:1      | Reached XP level 1. HP: 13/13 MP: 3/3
   212 | D:1      | Reached skill level 4 in Ice Magic
   257 | D:1      | Reached XP level 2. HP: 8/19 MP: 0/5
   908 | D:1      | Reached XP level 3. HP: 20/24 MP: 5/7
   914 | D:1      | Learned a level 2 spell: Throw Frost
  1354 | D:2      | Reached skill level 5 in Ice Magic
  1599 | D:2      | Reached XP level 4. HP: 24/30 MP: 3/8
  1679 | D:2      | Noticed Natasha
  1682 | D:2      | Killed Natasha
  1688 | D:2      | Noticed Natasha
  1699 | D:2      | Killed Natasha
  1810 | D:2      | Found a white marble altar of Elyvilon.
  2069 | D:2      | Found a white marble altar of Elyvilon.
  2337 | D:2      | Found a white marble altar of Elyvilon.
  2539 | D:3      | Noticed Sigmund
  2539 | D:3      | Noticed Natasha
  2567 | D:2      | Learned a level 4 spell: Summon Ice Beast
  2578 | D:3      | Reached XP level 5. HP: 31/35 MP: 1/10
  2720 | D:3      | Found a sparkling altar of Nemelex Xobeh.
  2720 | D:3      | Found a radiant altar of Vehumet.
  2721 | D:3      | Found a blossoming altar of Fedhas.
  2740 | D:3      | Found a shadowy altar of Dithmenos.
  2743 | D:3      | Became a worshipper of Vehumet
  2777 | D:3      | Reached skill level 1 in Summonings
  2954 | D:3      | Reached skill level 6 in Ice Magic
  3275 | D:3      | Reached XP level 6. HP: 34/41 MP: 2/11
  3364 | D:3      | Reached * piety under Vehumet
  3364 | D:3      | Offered knowledge of Sting by Vehumet.
  3690 | D:3      | Slain by a gnoll sergeant

Vault maps used:
D:1:      dpeg_arrival_arbitrary_b
D:2:      elyvilon_altar_4, eino_tiny_chamber, uniq_natasha
D:3:      lemuel_castle_with_subvaults, nicolae_overflow_quartered_altars,
          portal_sewer_entry_d, kennysheep_doodads, uniq_sigmund

Skill      XL: |  1  2  3  4  5  6 |
---------------+-------------------+-----
Ice Magic      | 4 5 6 |  6.3
Spellcasting   | 3 |  3.9
Summonings     | 2 3 |  3.2
Dodging        | |  2.1
Stealth        | |  1.7
Conjurations   | |  1.1

Action                   |  1- 3 |  4- 6 || total
-------------------------+-------+-------++-------
Melee: Dagger            |    52 |       ||    52
       Whip              |       |    26 ||    26
 Cast: Freeze            |    40 |    45 ||    85
       Throw Frost       |    11 |    29 ||    40
       Summon Ice Beast  |       |     3 ||     3
  Use: Potion            |       |     1 ||     1
 Stab: Sleeping          |     2 |       ||     2
  Eat: Chunk             |     3 |     9 ||    12
Armor: Robe              |    29 |    18 ||    47
Dodge: Dodged            |    65 |    67 ||   132

Table legend:
 A = Non-vault XP
 B = Vault XP
 C = Vault XP percentage of total XP
 D = Non-vault monster count
 E = Vault monster count
 F = Vault count percentage of total count
                 A         B        C        D         E       F
            +---------+---------+-------+---------+---------+-------
      Total |     207 |     217 |  51.2 |      71 |      20 |  22.0
            +---------+---------+-------+---------+---------+-------
        D:1 |      44 |       0 |   0.0 |      26 |       0 |   0.0
        D:2 |      77 |      36 |  31.9 |      19 |       1 |   5.0
        D:3 |      86 |     181 |  67.8 |      26 |      19 |  42.2
            +---------+---------+-------+---------+---------+-------
